AoeStats
← residua

Lombardia

509957422Analyzed
2v2 RM · 4d ago on Sep 28, 2026· 55m 7s· 4 players
Game mode
Random Map
Map size
Medium (4 player)
Population
200
Speed
Normal
Resources
Standard
Victory
Conquest
Starting age
Dark Age
Ending age
Imperial Age
RankedLock teamsTeams togetherTeam positionsShared explorationLock speedFull tech treeHidden civsTurbo modeCheats
Victory
Defeat
🇧🇷 Khmer · Brazil
871
+10
🇧🇷 Poles · Brazil
812
+13
🇬🇧 Inca · United Kingdom
752
-12
🇬🇧 Cumans · United Kingdom
733
-11
residua
11:48 Feudal Age
12:12 Horse Collar
13:59 Loom
17:35 Castle Age
16:35 Double-Bit Axe
18:05 Champi Runner
19:37 Bow Saw
19:27 Heavy Plow
20:50 Wheelbarrow
20:25 Champi Warrior
21:28 Forging
21:21 Scale Mail Armor
21:34 Forging
24:46 Squires
30:07 Thumb Ring
30:39 Fletching
31:06 Chain Mail Armor
31:26 Iron Casting
31:48 Hand Cart
34:30 Pikeman
36:12 Andean Sling
39:46 Imperial Age
38:14 Elite Skirmisher
38:51 Bodkin Arrow
40:05 Caravan
40:37 Elite Kamayuk
41:41 Conscription
41:50 Fabric Shields
41:48 Halberdier
43:37 Blast Furnace
42:50 Gold Mining
42:50 Stone Mining
BigBoyBolly
9:52 Feudal Age
12:50 Man-at-Arms
13:30 Horse Collar
13:38 Double-Bit Axe
15:26 Wheelbarrow
24:09 Castle Age
24:19 Forging
25:32 Hand Cart
25:19 Heavy Plow
25:30 Bow Saw
27:44 Scale Barding Armor
28:15 Iron Casting
29:09 Squires
35:23 Imperial Age
33:24 Bloodlines
37:01 Chain Barding Armor
40:15 Two-Man Saw
39:48 Crop Rotation
40:14 Conscription
43:14 Plate Barding Armor
44:11 Pikeman
45:19 Halberdier
48:10 Scale Mail Armor
49:11 Blast Furnace
49:24 Chain Mail Armor
52:33 Plate Mail Armor
Bruno
10:36 Feudal Age
15:51 Castle Age
16:52 Double-Bit Axe
16:57 Horse Collar
25:11 Imperial Age
27:48 Conscription
29:13 Gold Mining
29:14 Stone Mining
34:03 Ballistics
33:41 Murder Holes
33:57 Fortified Wall
35:13 Caravan
36:40 Loom
37:30 Wheelbarrow
36:40 Town Watch
37:10 Bow Saw
38:08 Double Crossbow
40:47 Hand Cart
40:32 Town Patrol
41:25 Padded Archer Armor
42:57 Chemistry
43:04 Elite Ballista Elephant
KALTON69
7:26 Loom
11:50 Feudal Age
18:22 Castle Age
16:48 Double-Bit Axe
17:52 Stone Mining
17:54 Gold Mining
18:06 Horse Collar
20:51 Heavy Plow
22:12 Bow Saw
22:48 Treadmill Crane
23:29 Husbandry
23:40 Bloodlines
22:50 Light Cavalry
25:51 Stone Shaft Mining
25:04 Town Watch
26:27 Wheelbarrow
27:45 Scale Barding Armor
28:24 Fortified Wall
33:19 Imperial Age
31:23 Forging
31:39 Ballistics
32:55 Iron Casting
32:41 Chain Barding Armor
32:39 Hand Cart
32:40 Town Patrol
33:37 Szlachta Privileges
33:59 Cavalier
35:45 Blast Furnace
35:08 Conscription
35:06 Caravan
36:29 Crop Rotation
36:20 Caravan
41:12 Siege Engineers
41:03 Murder Holes
41:19 Masonry
42:10 Chemistry
41:08 Fletching
42:14 Hoardings
43:18 Winged Hussar
47:43 Coinage
48:55 Lechitic Legacy
Connection lost

Rejoining the realm…

Still unreachable

The connection could not be restored.

Session expired

The server has moved on; the page needs a fresh start.